AoeStats
← catchchez

Arabia

510344570Analyzed
1v1 RM · 3d ago on Sep 30, 2026· 47m 51s· 2 players
Game mode
Random Map
Map size
Tiny (2 player)
Population
200
Speed
Normal
Resources
Standard
Victory
Conquest
Starting age
Dark Age
Ending age
Imperial Age
RankedLock teamsTeams togetherTeam positionsShared explorationLock speedFull tech treeHidden civsTurbo modeCheats
Victory
Defeat
🇪🇸 Mongols · Spain
738
+17
🇮🇳 Portuguese · India
754
-17
Pajariko
9:37 Feudal Age
17:11 Bloodlines
19:15 Fletching
23:33 Castle Age
23:47 Forging
23:43 Scale Barding Armor
23:39 Padded Archer Armor
25:22 Double-Bit Axe
25:54 Town Watch
26:03 Town Watch
28:00 Husbandry
29:03 Wheelbarrow
29:24 Bow Saw
29:17 Bodkin Arrow
29:39 Leather Archer Armor
36:42 Imperial Age
35:02 Hand Cart
35:41 Horse Collar
37:24 Bracer
37:52 Ballistics
38:14 Town Patrol
39:03 Parthian Tactics
40:01 Conscription
40:46 Elite Steppe Lancer
45:17 Elite Mangudai
45:45 Capped Ram
catchchez
3:31 Loom
11:25 Feudal Age
13:15 Double-Bit Axe
17:14 Bloodlines
18:55 Scale Mail Armor
19:01 Scale Barding Armor
23:26 Castle Age
25:17 Wheelbarrow
28:27 Fletching
30:24 Bodkin Arrow
30:38 Thumb Ring
32:09 Bow Saw
31:50 Crossbowman
33:39 Heated Shot
35:14 Ballistics
36:40 Treadmill Crane
40:11 Imperial Age
46:48 Capped Ram
Connection lost

Rejoining the realm…

Still unreachable

The connection could not be restored.

Session expired

The server has moved on; the page needs a fresh start.